 Dungeon Crawl Stone Soup version 0.30-a0-723-gc1506a1cf0 (webtiles) character file.

Game seed: 8260776564694101913

151 karrick the Trooper (level 5, 0/33 HPs)
             Began as a Gargoyle Fighter on Jan 29, 2023.
             Slain by a black bear (2 damage)
             ... on level 4 of the Dungeon.
             The game lasted 00:03:38 (2826 turns).

karrick the Trooper (Gargoyle Fighter)              Turns: 2826, Time: 00:03:39

Health: 0/33       AC: 14    Str: 19    XL:     5   Next: 33%
Magic:  5/5        EV:  9    Int:  9    God:
Gold:   127        SH:  4    Dex: 11    Spells: 4/4 levels left

rFire   . . .      SeeInvis .    a - +0 war axe
rCold   . . .      Faith    .    c - +0 buckler
rNeg    + . .      Spirit   .    b - +0 scale mail
rPois   ∞          Reflect  .    (no helmet)
rElec   +          Harm     .    p - +1 cloak {Will+}
rCorr   .          Rampage  .    n - +0 pair of gloves
Will    +....                    (no boots) Stlth
                                 (no amulet)
HPRegen 0.25/turn                (no ring)
MPRegen 0.09/turn                (no ring)

@: mighty
A: sickness immunity, AC +4, negative energy resistance 1, electricity
resistance, torment resistance 1, petrification resistance
a: no special abilities


You were on level 4 of the Dungeon.
You visited 1 branch of the dungeon, and saw 4 of its levels.

You collected 127 gold pieces.

Inventory:

Hand Weapons
 a - a +0 war axe (weapon)
Armour
 b - a +0 scale mail (worn)
 c - a +0 buckler (worn)
 n - a +0 pair of gloves (worn)
 p - a +1 cloak of willpower (worn)
Jewellery
 m - a +6 ring of strength
Scrolls
 e - 5 scrolls of identify {unknown}
 g - 5 scrolls of fog {unknown}
 i - 2 scrolls of teleportation {unknown}
 k - a scroll of fear {unknown}
 o - a scroll of blinking {unknown}
Potions
 f - a potion of cancellation {unknown}
 h - a potion of mutation {unknown}
 j - 2 potions of heal wounds {unknown}
 l - 2 potions of lignification {unknown}
 q - a potion of curing {unknown}


   Skills:
 + Level 4.0 Fighting
 + Level 3.7 Axes
 + Level 3.8 Armour
 + Level 3.9 Shields


You had 4 spell levels left.
You didn't know any spells.
Your spell library contained the following spells:

 Spells                   Type           Power      Damage    Failure   Level
 Ensorcelled Hibernation  Hex/Ice        0%         N/A       93%         2
 Spider Form              Tmut/Pois      0%         N/A       99%         3
 Anguish                  Hex/Necr       0%         N/A       100%        4


Dungeon Overview and Level Annotations

Branches:
Dungeon (4/15)
 Temple: D:4-7

Altars:
Fedhas
Wu Jian


Innate Abilities, Weirdness & Mutations

You are immune to sickness and miasma.
Your stone body is resilient. (AC +4)
You are immune to poison.
You resist negative energy. (rN+)
You are resistant to electric shocks. (rElec)
You are resistant to unholy torment.
You are immune to petrification.


Message History

The black bear is severely wounded.
The black bear bites you but does no damage.
The black bear closely misses you.
The black bear claws you but does no damage.
The black bear bites you but does no damage.
The black bear claws you but does no damage. x2
You completely miss the black bear.
The black bear is severely wounded.
The black bear closely misses you. The black bear claws you.
The black bear barely misses you.
The black bear bites you but does no damage.
The black bear claws you but does no damage.
The black bear claws you.
You are too injured to fight recklessly!
You are too injured to fight recklessly!
You are too injured to fight recklessly!
You are too injured to fight recklessly!
You are too injured to fight recklessly!
You are too injured to fight recklessly!
You are too injured to fight recklessly!
You are too injured to fight recklessly!
You are too injured to fight recklessly!
You are too injured to fight recklessly!
You are too injured to fight recklessly!
You are too injured to fight recklessly!
You are too injured to fight recklessly!
You are too injured to fight recklessly!
You are too injured to fight recklessly!
You are too injured to fight recklessly!
You feel very mighty all of a sudden. The black bear bites you!
* * * LOW HITPOINT WARNING * * *
The black bear misses you.
The black bear claws you but does no damage.
You slash the black bear!
The black bear is almost dead.
The black bear closely misses you.
The black bear claws you but does no damage. x2
The black bear bites you.
You die...

.. .# #. #.# #
#. #.#
#.##.###.#
#......#.##
#.........######
#.>..h..#.......
#...)@....#
#.....##..#
###.#.##)†#
#.#.##..# .
#.##..# ##
#.##..# #.##..#
......# ####.#


You could see a black bear (berserk).

Vanquished Creatures
  An orc wizard (D:3)
  A hound zombie (D:3)
  A howler monkey skeleton (D:3)
  2 adders
  An adder zombie (D:3)
  An adder skeleton (D:3)
  2 worms
  4 dart slugs
  4 orcs (D:3)
  4 ball pythons
  7 bats
  9 endoplasms
  2 giant cockroaches
  6 goblins
  3 hobgoblins
  5 frilled lizards
  2 kobolds
  A quokka zombie (D:3)
  6 rats
62 creatures vanquished.

Vanquished Creatures (others)
  A withered plant (D:3)
1 creature vanquished.

Grand Total: 63 creatures vanquished

Notes
Turn   | Place    | Note
-------+----------+-------------------------------------------
     0 | D:1      | karrick the Gargoyle Fighter began the quest for the Orb.
     0 | D:1      | Reached XP level 1. HP: 14/14 MP: 1/1
   697 | D:1      | Reached XP level 2. HP: 19/19 MP: 2/2
   711 | D:1      | Found a faded altar of an unknown god.
  1121 | D:2      | Reached XP level 3. HP: 8/23 MP: 3/3
  1684 | D:2      | Found an ornate altar of the Wu Jian Council.
  1994 | D:3      | Reached XP level 4. HP: 21/29 MP: 4/4
  2101 | D:3      | Reached XP level 5. HP: 32/33 MP: 5/5
  2348 | D:3      | Found a blossoming altar of Fedhas.
  2405 | D:3      | Reached skill level 4 in Fighting
  2812 | D:4      | Noticed a black bear
  2826 | D:4      | Slain by a black bear

Illustrated notes

Levels and vault maps discovered:
D:1:      dpeg_arrival_arbitrary_a, layout_basic,
          hellmonk_ecumenical_altar_defaced_shrine
D:2:      minmay_skewed_foursquare, layout_basic, basic_altar
D:3:      layout_basic, lemuel_crystal_altar, serial_undead, serial_undead_a,
          serial_undead_a, serial_undead_c, serial_undead_c
D:4:      layout_loops_ring, amethyst_overflow_temple_binary,
          gammafunk_temple_overflow_statue

Skill      XL: |  1  2  3  4  5 |
---------------+----------------+-----
Axes           | 2 3 |  3.7
Fighting       | 4 |  4.0
Armour         | |  3.8
Shields        | |  3.9

Action                     |  1- 3 |  4- 6 || total
---------------------------+-------+-------++-------
  Melee: War axe           |   116 |    74 ||   190
    Use: Potion            |       |     1 ||     1
 Armour: Scale mail        |    83 |    67 ||   150
  Dodge: Dodged            |    46 |    48 ||    94
  Block: Buckler           |    33 |    26 ||    59

Table legend: (Time is in decaauts)
 A = Elapsed time spent in this place.
 B = Non-inter-level travel time spent in this place.
 C = Inter-level travel time spent in this place.
 D = Time resting spent in this place.
 E = Time spent auto-exploring this place.
 F = Levels seen in this place.
 G = Mean time per level.
                   A        B        C        D        E       F      G
               +--------+--------+--------+--------+--------+-----+--------+
         Total |   2901 |   2786 |    115 |      0 |   2307 |   4 |  725.2 |
       Dungeon |   2901 |   2786 |    115 |      0 |   2307 |   4 |  725.2 |
               +--------+--------+--------+--------+--------+-----+--------+

Top non-repeatable levels by time:
     D:2: 1061 daAuts
     D:3: 912 daAuts
     D:1: 896 daAuts
     D:4: 30 daAuts
